 Dungeon Crawl Stone Soup version 0.18-a0-1126-ga2d7f46 (webtiles) character file.

81 lysy the Firebug (level 4, -1/24 HPs)
             Began as a Deep Elf Fire Elementalist on Jan 20, 2016.
             Was a Follower of Cheibriados.
             Slain by Purgy (3 damage)
             ... in a sewer.
             The game lasted 00:08:03 (2229 turns).

lysy the Firebug (Deep Elf Fire Elementalist)       Turns: 2229, Time: 00:08:03

Health: -1/24      AC:  2    Str: 12    XL:     4   Next: 20%
Magic:  1/10       EV: 12    Int: 22    God:    Cheibriados [*.....]
Gold:   139        SH:  4    Dex: 18    Spells: 2 memorised, 5 levels left

rFire  . . .     SeeInvis .     e - +0 whip
rCold  . . .     Gourm    .     a - +0 robe
rNeg   . . .     Faith    .     n - +0 buckler
rPois  .         Spirit   .     k - -2 helmet (curse)
rElec  .         Dismiss  .     (no cloak)
rCorr  .         Reflect  .     (no gloves)
SustAt .         Harm     .     g - +0 pair of boots
MR     .....                    (no amulet)
Stlth  ++........               (no ring)
                                (no ring)

@: mighty, very slightly contaminated, hasted, quick, not resistant to hostile
enchantments, unstealthy
A: no striking features
a: Bend Time, Renounce Religion


You were in a sewer.
You worshipped Cheibriados.
Cheibriados was aware of your devotion.
You were not hungry.

You visited 1 branch of the dungeon, and saw 3 of its levels.
You also visited: Sewer.

You collected 139 gold pieces.


   Skills:
 - Level 2.4 Dodging
 - Level 2.4 Stealth
 - Level 3.0 Spellcasting
 + Level 3.2 Conjurations
 + Level 4.5 Fire Magic


You had 5 spell levels left.
You knew the following spells:

 Your Spells              Type           Power        Failure   Level  Hunger
z - Flame Tongue          Conj/Fire      ###..        4%          1    None
Z - Conjure Flame         Conj/Fire      ###.....     14%         3    ###....

Inventory:

Hand Weapons
 e - a +0 whip (weapon)
Missiles
 f - 3 stones (quivered)
Armour
 a - a +0 robe (worn)
 g - a +0 pair of boots (worn)
 k - a cursed -2 helmet (worn)
 n - a +0 buckler (worn)
Scrolls
 i - a scroll of teleportation {@r4}
 l - 3 scrolls of identify {@r1}
Potions
 h - a potion of haste {@q3}
 j - 2 potions of brilliance
Books
 b - a book of Flames

   Spells                             Type                      Level
   a - Flame Tongue                   Conjuration/Fire             1
   b - Throw Flame                    Conjuration/Fire             2
   c - Conjure Flame                  Conjuration/Fire             3
   d - Inner Flame                    Hexes/Fire                   3
   e - Sticky Flame                   Conjuration/Fire             4
   f - Fireball                       Conjuration/Fire             5
Comestibles
 c - 3 bread rations
 q - a chunk of flesh
 r - a meat ration

Dungeon Overview and Level Annotations

Branches:
Dungeon (3/15)

Altars:
Cheibriados

Annotations:
Sewer Purgy

▒.≈≈≈.▒▒▒▒
▒.≈≈≈.▒▒▒▒
+.≈≈≈.'..▒
▒.≈≈≈.▒▒▒▒
▒.≈≈≈.▒▒▒▒
+..∩....∩▒
▒.≈≈≈.▒▒▒▒
▒.≈≈≈.▒▒▒▒
+.≈≈≈eT..▒
▒.≈≈≈.▒▒▒▒
▒.≈≈≈.▒
+.≈≈≈.+
▒.≈≈≈.▒
▒.≈≈≈.▒
+.≈≈≈.+
▒▒▒▒▒▒▒


You could see Purgy.


Message History

Purgy bites you.
* * * LOW HITPOINT WARNING * * *
Purgy barely misses you. Purgy closely misses you.
Aiming: Flame Tongue
Aim: Purgy (heavily wounded)
The flame tongue hits Purgy.
Purgy is severely wounded.
Purgy looks around nervously.
Purgy bites you.
* * * LOW HITPOINT WARNING * * *
Purgy claws you.
* * * LOW HITPOINT WARNING * * *
Purgy claws you.
* * * LOW HITPOINT WARNING * * *
Drink which item? (? for menu, Esc to quit)
You feel better.
Aiming: Flame Tongue
Aim: Purgy (severely wounded)
The flame tongue hits Purgy.
Purgy is almost dead.
Purgy bites you!
* * * LOW HITPOINT WARNING * * *
Purgy barely misses you. Purgy claws you.
* * * LOW HITPOINT WARNING * * *
Aiming: Flame Tongue
Aim: Purgy (severely wounded)
The flame tongue misses Purgy.
Purgy bites you.
* * * LOW HITPOINT WARNING * * *
Purgy claws you.
You die...

Action                   |  1- 3 |  4- 6 || total
-------------------------+-------+-------++-------
Throw: Stone             |    16 |       ||    16
 Cast: Flame Tongue      |    59 |    18 ||    77
  Use: Scroll            |     2 |     3 ||     5
       Potion            |       |     5 ||     5
  Eat: Chunk             |     4 |       ||     4

Vault maps used:
D:1:      grunt_arrival_lava_bath, patterned_corridor
D:2:      hangedman_abyss_or_decor_stabs, minivault_24, cheibriados_altar_1
D:3:      portal_sewer_entry_c, bh_walls_and_bars
Sewer:    kennysheep_door_sewer

Notes
Turn   | Place    | Note
--------------------------------------------------------------
     0 | D:1      | lysy the Deep Elf Fire Elementalist began the quest for the Orb.
     0 | D:1      | Reached XP level 1. HP: 10/10 MP: 6/6
   226 | D:1      | Reached XP level 2. HP: 15/15 MP: 6/8
   232 | D:1      | Reached skill level 2 in Conjurations
   898 | D:1      | Reached skill level 4 in Fire Magic
   976 | D:2      | Found a snail-covered altar of Cheibriados.
  1021 | D:2      | Reached XP level 3. HP: 19/19 MP: 6/9
  1054 | D:2      | Became a worshipper of Cheibriados the Contemplative
  1639 | D:2      | Learned a level 3 spell: Conjure Flame
  1985 | D:3      | Reached skill level 3 in Conjurations
  1985 | D:3      | Reached XP level 4. HP: 24/24 MP: 8/10
  2092 | D:3      | Found a glowing drain.
  2102 | D:3      | Reached * piety under Cheibriados
  2156 | Sewer    | Entered a sewer
  2214 | Sewer    | Noticed Purgy
  2229 | Sewer    | HP: 2/24 [Purgy (2)]
  2229 | Sewer    | Slain by Purgy

Vanquished Creatures
  3 adders
  A river rat (D:3)
  A giant gecko (D:1)
  A ball python (D:3)
  5 bats
  5 giant cockroaches
  3 goblins
  5 hobgoblins
  A jackal (D:2)
  10 kobolds
  8 rats
43 creatures vanquished.
